 Dungeon Crawl Stone Soup version 0.17.1-3-g152610e (webtiles) character file.

50 Goblin1989 the Sneak (level 3, 0/18 HPs)
             Began as a Vine Stalker Assassin on May 2, 2016.
             Succumbed to an adder's poison
             ... on level 2 of the Dungeon.
             The game lasted 00:02:13 (900 turns).

Goblin1989 the Sneak (Vine Stalker Assassin)         Turns: 900, Time: 00:02:13

Health: 0/18       AC:  5    Str: 18    XL:     3   Next: 79%
Magic:  1/4        EV: 11    Int: 11    God:
Gold:   48         SH:  0    Dex: 16    Spells: 0 memorised, 2 levels left

rFire  . . .     SeeInvis .     a - +2 dagger
rCold  . . .     Clarity  .     c - +0 robe
rNeg   . . .     SustAt   .     (no shield)
rPois  .         Gourm    .     (no helmet)
rElec  .         Spirit   +     d - +0 cloak
rCorr  .         Warding  .     r - +0 pair of gloves
rMut   .         Stasis   .     p - +0 pair of boots
MR     .....                    (no amulet)
Stlth  +++.......               (no ring)
                                (no ring)

@: mighty, lethally poisoned (0 -> -1), not resistant to hostile enchantments,
fairly stealthy
A: fangs 2, regeneration 1, magic shield, antimagic bite, no device heal 3, rot
immunity
a: no special abilities


You were on level 2 of the Dungeon.
You were not hungry.

You visited 1 branch of the dungeon, and saw 2 of its levels.

You collected 48 gold pieces.

Inventory:

Hand Weapons
 a - a +2 dagger (weapon)
 b - a +0 blowgun
Missiles
 e - 24 poisoned needles
 f - 2 curare-tipped needles
Armour
 c - a +0 robe (worn)
 d - a +0 cloak (worn)
 p - a +0 pair of boots (worn)
 r - a +0 pair of gloves (worn)
Scrolls
 h - a scroll of identify {unknown}
 k - 2 scrolls of teleportation {unknown}
Potions
 l - a potion of agility {unknown}
 m - 2 potions of curing {unknown}
 o - a potion of flight {unknown}
 q - 2 potions of lignification {unknown}
Comestibles
 g - a bread ration
 n - a meat ration


   Skills:
 - Level 1.7 Fighting
 * Level 3.1 Short Blades
 - Level 1.7 Throwing
 - Level 0.7 Dodging
 + Level 5.4 Stealth


You had 2 spell levels left.
You didn't know any spells.

Dungeon Overview and Level Annotations

Branches:
Dungeon (2/15)

Altars:
Sif Muna


Innate Abilities, Weirdness & Mutations

You have extremely sharp teeth.
Your natural rate of healing is unusually fast.
When hurt, damage is shared between your health and your magic reserves.
Your bite disrupts and absorbs the magic of your enemies.
Potions and wands cannot restore your health.
You are immune to rotting.


Message History

The adder bites you but does no damage.
You take 4 damage, and have 3/18 hp.
MASSIVE DAMAGE!!
You now have 0/4 mp.
You are too injured to fight recklessly!
You are too injured to fight recklessly!
The ooze hits you but does no damage.
You feel sick. The jackal barely misses you.
You take 1 damage, and have 2/18 hp.
The jackal bites you.
* * * LOW HITPOINT WARNING * * *
The adder closely misses you.
You take 1 damage, and have 1/18 hp.
The jackal bites you but does no damage.
Drink which item? (? for menu, Esc to quit)
It was a potion of heal wounds.
That seemed strangely inert.
The jackal barely misses you.
Unknown command.
Drink which item? (? for menu, Esc to quit)
It was a potion of might.
You feel very mighty all of a sudden.
You die...

#.....†........###..####
....................##..
.>.............##...##.#
.#####.†.#####.##.......
#...>.....##..###..
#...########..###..
#...# #....#.. #[..#
#.##.#.. . ##@##
####....... #.###h##
#.......... #...JS.##
#.##.#..##.
.....#...†####.##.#.....
.##. #............#.###.
# #...†####.#..#.###.
........# #.#........
##.###..# #......#### #.
...# ###.####


You could see an ooze, an adder and a jackal.

Vanquished Creatures
  An adder (D:2)
  A worm (D:2)
  2 giant cockroaches (D:2)
  2 goblins (D:2)
  7 hobgoblins
  9 jackals
  5 bats
  2 giant newts (D:2)
  2 kobolds (D:2)
  A rat (D:2)
32 creatures vanquished.

Notes
Turn   | Place    | Note
--------------------------------------------------------------
     0 | D:1      | Goblin1989 the Vine Stalker Assassin began the quest for the Orb.
     0 | D:1      | Reached XP level 1. HP: 11/11 MP: 2/2
   340 | D:1      | Reached skill level 5 in Stealth
   375 | D:1      | Reached XP level 2. HP: 15/15 MP: 3/3
   610 | D:2      | Reached XP level 3. HP: 18/18 MP: 4/4
   758 | D:2      | Found a deep blue altar of Sif Muna.
   900 | D:2      | Succumbed to an adder's poison

Action                   || total
-------------------------++-------
Melee: Dagger            ||    71
 Fire: Blowgun           ||     1
  Use: Potion            ||     2
 Stab: Sleeping          ||    12
